 Dungeon Crawl Stone Soup version 0.30-a0-242-g7bf8e6d787 (webtiles) character file.

Game seed: 4088380824113851560

1771 wilfster70 the Covert (level 9, -4/61 (75) HPs)
             Began as a Naga Venom Mage on Oct 11, 2022.
             Was an Initiate of Kikubaaqudgha.
             Slain by a wight
             ... wielding a +2 morningstar of freezing
              (13 damage)
             ... on level 7 of the Dungeon.
             The game lasted 00:26:09 (7434 turns).

wilfster70 the Covert (Naga Venom Mage)             Turns: 7434, Time: 00:26:09

HP:   -4/61 (75)    AC: 12    Str: 10    XL:     9   Next: 7%
MP:   15/15         EV: 11    Int: 20    God:    Kikubaaqudgha [......]
Gold: 406           SH:  0    Dex: 12    Spells: 6/16 levels left

rFire   . . .      SeeInvis +    a - +2 whip (elec)
rCold   . . .      Faith    .    (no shield)
rNeg    . . .      Spirit   .    e - +0 robe
rPois   +          Reflect  .    s - +2 hat
rElec   .          Harm     .    (no cloak)
rCorr   .          Rampage  .    o - +1 pair of gloves
Will    +....                    (no barding)
Stlth   ++++......               (no amulet)
HPRegen 0.30/turn                q - +4 ring of protection
MPRegen 0.14/turn                x - ring of wizardry

@: heavily drained, very slow
A: AC +3, large, see invisible, deformed body, poison resistance, slowness 2,
spit poison 1, naga tail 1
a: Spit Poison, Renounce Religion


You were on level 7 of the Dungeon.
You worshipped Kikubaaqudgha.
Kikubaaqudgha was noncommittal.
You visited 2 branches of the dungeon, and saw 8 of its levels.

You collected 406 gold pieces.

Inventory:

Hand Weapons
 a - a +2 whip of electrocution (weapon)
Missiles
 r - a throwing net
Armour
 e - a +0 robe (worn)
 i - a +0 kite shield
 o - a +1 pair of gloves (worn)
 s - a +2 hat (worn)
Magical Staves
 f - a staff of conjuration
 l - a staff of air
Jewellery
 q - a +4 ring of protection (left hand)
 x - a ring of wizardry (right hand)
Wands
 h - a wand of paralysis (9)
 A - a wand of iceblast (11)
Scrolls
 d - a scroll of blinking
 t - 2 scrolls of teleportation
 u - a scroll of magic mapping {unknown}
 v - a scroll of fog
 w - a scroll of summoning
 y - a scroll of enchant armour
Potions
 b - a potion of magic
 c - 2 potions of cancellation
 g - 3 potions of brilliance
 j - a potion of lignification {unknown}
 k - a potion of curing
 m - a potion of degeneration {unknown}
 n - a potion of ambrosia {unknown}
 p - a potion of mutation {unknown}
 z - a potion of haste {unknown}


   Skills:
 + Level 3.1 Fighting
 - Level 4.0 Dodging
 - Level 8.0 Stealth
 - Level 4.0 Spellcasting
 - Level 4.0 Conjurations
 - Level 1.0 Transmutations
 - Level 4.0 Air Magic
 - Level 6.0 Poison Magic
 + Level 3.2 Evocations


You had 6 spell levels left.
You knew the following spells:

 Your Spells              Type           Power      Damage    Failure   Level
a - Sting                 Tmut/Pois      72%        1d6       1%          1
b - Poisonous Vapours     Pois/Air       48%        N/A       1%          2
c - Mephitic Cloud        Conj/Pois/Air  22%        N/A       2%          3
d - Olgreb's Toxic Radia  Pois           28%        N/A       4%          4

Your spell library contained the following spells:

 Spells                   Type           Power      Damage    Failure   Level
 Necrotise                Necr           16%        1d4       5%          1
 Inner Flame              Hex/Fire       4%         N/A       16%         3
 Summon Guardian Golem    Hex/Summ       4%         N/A       16%         3
 Vampiric Draining        Necr           4%         2d6       16%         3
 Ice Form                 Ice/Tmut       6%         N/A       38%         4
 Cause Fear               Hex            2%         N/A       43%         4
 Agony                    Necr           4%         N/A       77%         5
 Enfeeble                 Hex            2%         N/A       100%        7
 Discord                  Hex            2%         N/A       100%        8


Dungeon Overview and Level Annotations

Branches:
Dungeon (7/15)             Temple (1/1) D:5

Altars:
Ashenzari
Cheibriados
Dithmenos
Gozag
Hepliaklqana
Kikubaaqudgha
Makhleb
Nemelex Xobeh
Okawaru
Qazlal
Ru
Sif Muna
Trog
Uskayaw
Vehumet
Wu Jian
Xom
Zin
The Shining One

Annotations:
D:3 3 runed translucent doors, exclusion: 3 doors, gabibbone's ghost, amateur OpEE; lorenzova's ghost, amateur DECj
D:6 Menkaure


Innate Abilities, Weirdness & Mutations

Your serpentine skin is tough. (AC +3)
You have supernaturally acute eyesight. (SInv)
Armour fits poorly on your strangely shaped body.
Your system is resistant to poisons. (rPois)
You cover ground very slowly.
You can spit poison.
You have a snake-like lower body.


Message History

The wight closely misses you.
You completely miss the wight.
The wight is almost destroyed.
The wight hits you with a +0 scimitar.
You feel drained.
You hit the wight but do no damage. Lightning courses through the wight!
You destroy the wight!
Kikubaaqudgha accepts your kill.
Your Fighting skill increases to level 3!
You barely miss the wight. The wight barely misses you.
You hit the wight.
The wight is lightly damaged.
The wight barely misses you.
The wight hits you with a +2 morningstar of freezing.
* * * LOW HITPOINT WARNING * * *
You feel drained.
* * * LOW HITPOINT WARNING * * *
The wight freezes you.
* * * LOW HITPOINT WARNING * * *
You whack the wight!
The wight is moderately damaged.
The wight hits you with a +2 morningstar of freezing.
* * * LOW HITPOINT WARNING * * *
The wight freezes you.
* * * LOW HITPOINT WARNING * * *
You closely miss the wight.
The wight is moderately damaged.
The wight barely misses you.
You barely miss the wight.
The wight is moderately damaged.
The wight hits you with a +2 morningstar of freezing!
* * * LOW HITPOINT WARNING * * *
The wight freezes you.
* * * LOW HITPOINT WARNING * * *
You hit the wight.
The wight is heavily damaged.
The wight hits you but does no damage.
You feel better.
The wight hits you with a +2 morningstar of freezing!
You die...
Kikubaaqudgha rasps: "You have failed me!
Welcome... death!"

###...#.## #.#
##.##.# #.#
########.# #)#
#...# ##'# #.#
....# #...# ##.##
#...# z....#
##...# ##.##
..[...# ##....#
##.#
.......####.....#
...+
.......'.z@....##
##.#
.......####...##
##.# ......#
##..# .#.# .....#
##.# ...# #...#
####..##### .###
##+# #...#.....#
## #########.# #
#.# ###.#


You could see a wight.

Vanquished Creatures
  A water moccasin (D:4)
  An ice beast (D:5)
  3 ogres
  A centaur (D:5)
  A kobold brigand (D:7)
  3 necrophages
  2 scorpions
  3 wights (D:7)
  A howler monkey (D:7)
  3 jellies
  2 hounds
  2 gnoll boudas (D:5)
  4 iguanas
  An orc wizard (D:5)
  7 gnolls (D:5)
  10 adders
  3 shadow imps (D:5)
  2 white imps (D:5)
  5 ufetubi
  2 worms (D:4)
  2 dart slugs
  12 orcs
  6 endoplasms
  4 giant cockroaches
  9 goblins
  4 hobgoblins
  15 jackals
  2 quokkas
  11 ball pythons
  6 bats
  3 frilled lizards (D:1)
  16 kobolds
  4 rats
151 creatures vanquished.

Vanquished Creatures (collateral kills)
  A kobold (D:2)
1 creature vanquished.

Vanquished Creatures (others)
  11 demonic plants (D:5)
  5 withered plants (D:3)
16 creatures vanquished.

Grand Total: 168 creatures vanquished

Notes
Turn   | Place    | Note
-------+----------+-------------------------------------------
     0 | D:1      | wilfster70 the Naga Venom Mage began the quest for the Orb.
     0 | D:1      | Reached XP level 1. HP: 15/15 MP: 3/3
   241 | D:1      | Reached XP level 2. HP: 15/22 MP: 1/5
   346 | D:1      | Reached skill level 5 in Poison Magic
   419 | D:1      | Found a faded altar of an unknown god.
   887 | D:1      | Reached XP level 3. HP: 20/28 MP: 6/6
  1121 | D:2      | Got the Papyrus of Glaciation and Malediction
  1162 | D:2      | Learned a level 2 spell: Poisonous Vapours
  1166 | D:2      | Learned a level 3 spell: Mephitic Cloud
  1348 | D:2      | Reached XP level 4. HP: 33/36 MP: 7/7
  1379 | D:2      | Reached skill level 1 in Air Magic
  1568 | D:2      | Reached skill level 4 in Stealth
  2184 | D:3      | Reached XP level 5. HP: 42/42 MP: 8/8
  2548 | D:3      | Found a runed translucent gate.
  2548 | D:3      | Found a runed translucent gate.
  2549 | D:3      | Found a runed translucent gate.
  2550 | D:3      | Noticed gabibbone's ghost (amateur OpEE)
  2550 | D:3      | Noticed lorenzova's ghost (amateur DECj)
  2619 | D:4      | Noticed a water moccasin
  2636 | D:4      | Killed a water moccasin
  2637 | D:4      | Reached XP level 6. HP: 19/49 MP: 9/9
  3480 | D:5      | Entered Level 5 of the Dungeon
  3605 | D:5      | Reached XP level 7. HP: 55/55 MP: 10/10
  3999 | D:5      | Found a hide-covered altar of Uskayaw.
  4021 | D:4      | Reached skill level 5 in Stealth
  4142 | D:4      | Reached XP level 8. HP: 59/62 MP: 14/14
  4155 | D:4      | Learned a level 4 spell: Olgreb's Toxic Radiance
  4542 | D:5      | Reached skill level 6 in Stealth
  4958 | D:5      | Found a staircase to the Ecumenical Temple.
  4967 | Temple   | Entered the Ecumenical Temple
  4975 | Temple   | Became a worshipper of Kikubaaqudgha
  5273 | D:5      | Reached skill level 7 in Stealth
  5636 | D:5      | Found an ornate altar of the Wu Jian Council.
  6378 | D:6      | Found a shimmering altar of Xom.
  6378 | D:6      | Noticed Menkaure
  6394 | D:6      | Reached skill level 8 in Stealth
  6629 | D:6      | Found an opulent altar of Gozag.
  6641 | D:6      | Reached skill level 1 in Fighting
  6641 | D:6      | Reached skill level 1 in Evocations
  7193 | D:7      | Reached XP level 9. HP: 45/66 MP: 15/15
  7432 | D:7      | HP: 3/61 [wight/+2 morningstar of freezing (9)]
  7432 | D:7      | HP: 1/61 [wight/+2 morningstar of freezing (2)]
  7434 | D:7      | Slain by a wight

Illustrated notes

Levels and vault maps discovered:
D:1:      dpeg_arrival_round_b, layout_loops_ring,
          shapermc_ecumenical_altar_acropolis, minmay_tetromino_i4
D:2:      layout_rooms
D:3:      layout_rooms, gammafunk_ghost_cemetery
D:4:      layout_cave_pools, minmay_starry_boxes
D:5:      layout_layer_cave, mainiacjoe_overflow_alcove_2,
          mainiacjoe_overflow_boulevard, lemuel_temple_firewalk_b,
          serial_demonic, serial_demonic_c, serial_demonic_d, serial_demonic_a,
          serial_demonic_f, serial_demonic_e, serial_demonic_f,
          serial_demonic_d, serial_demonic_e, minmay_pentangle
D:6:      layout_basic, mainiacjoe_overflow_concentric_impassable,
          nicolae_overflow_hidden_temple, uniq_menkaure
D:7:      layout_loops_corners, kennysheep_mini, fedhas_altar_fruit_tree
Temple:   nicolae_temple_no_exploring_needed

Skill      XL: |  1  2  3  4  5  6  7  8  9 |
---------------+----------------------------+-----
Poison Magic   | 5 6 |  6.0
Air Magic      | 2 3 4 |  4.0
Stealth        | 4 5 8 |  8.0
Conjurations   | 4 |  4.0
Spellcasting   | 4 |  4.0
Dodging        | 2 4 |  4.0
Fighting       | 2 3 |  3.1
Evocations     | 2 3 |  3.2
Transmutations | |  1.0

Action                   |  1- 3 |  4- 6 |  7- 9 || total
-------------------------+-------+-------+-------++-------
Melee: Whip              |    39 |    44 |   278 ||   361
       Punch             |     1 |       |     4 ||     5
Throw: Throwing net      |       |     1 |       ||     1
 Cast: Sting             |    35 |    67 |    13 ||   115
       Poisonous Vapours |       |     4 |    13 ||    17
       Mephitic Cloud    |       |       |     1 ||     1
       Olgreb's Toxic Ra |       |       |     9 ||     9
 Abil: Spit Poison       |    15 |    14 |    10 ||    39
  Use: Scroll            |     3 |     9 |     4 ||    16
       Potion            |       |     3 |     4 ||     7
 Stab: Sleeping          |       |     3 |     2 ||     5
       Confused          |       |       |     1 ||     1
Armor: Robe              |    21 |    23 |   155 ||   199
Dodge: Dodged            |    64 |    35 |   221 ||   320

Table legend: (Time is in decaauts)
 A = Elapsed time spent in this place.
 B = Non-inter-level travel time spent in this place.
 C = Inter-level travel time spent in this place.
 D = Time resting spent in this place.
 E = Time spent auto-exploring this place.
 F = Levels seen in this place.
 G = Mean time per level.
                   A        B        C        D        E       F      G
               +--------+--------+--------+--------+--------+-----+--------+
         Total |   9007 |   8687 |    320 |   2755 |   2531 |   8 | 1125.9 |
       Dungeon |   8986 |   8675 |    311 |   2755 |   2531 |   7 | 1283.7 |
        Temple |     20 |     11 |      9 |      0 |      0 |   1 |   20.0 |
               +--------+--------+--------+--------+--------+-----+--------+

Top non-repeatable levels by time:
     D:5: 2849 daAuts
     D:1: 1432 daAuts
     D:4: 1240 daAuts
     D:3: 1162 daAuts
     D:2: 777 daAuts
     D:6: 767 daAuts
     D:7: 757 daAuts
  Temple: 20 daAuts
